 Dungeon Crawl Stone Soup version 0.14.1-22-g2730a98 (webtiles) character file.

365 Konstantin the Magician (level 5, -2/31 HPs)
             Began as a High Elf Wizard on June 7, 2014.
             Killed from afar by an orc wizard (3 damage)
             ... with a puff of flame
             ... on Level 4 of the Dungeon.
             The game lasted 01:05:42 (5151 turns).

Konstantin the Magician (High Elf Wizard)           Turns: 5151, Time: 01:05:43

HP  -2/31        AC  4     Str  6      XL: 5   Next: 73%
MP   8/16        EV 10     Int 23      God:
Gold 133         SH  0     Dex 13      Spells:  4 memorised,  4 levels left

rFire  . . .     SeeInvis .     l - +2 halberd (chop)
rCold  . . .     Clarity  .     b - +0 leather armour
rNeg   . . .     Conserve .     (no shield)
rPois  .         rCorr    .     f - +0 helmet
rElec  .         rRot     .     (no cloak)
SustAb . .       Spirit   .     (no gloves)
rMut   .         Warding  .     (no boots)
Saprov . . .     Stasis   .     (no amulet)
MR     .....                    (no ring)
                                x - cursed ring of wizardry

@: very slightly contaminated, not resistant to hostile enchantments, fairly
stealthy
A: no striking features
a: no special abilities


You were on level 4 of the Dungeon.
You were hungry.

You visited 1 branch of the dungeon, and saw 4 of its levels.

You collected 133 gold pieces.

Inventory:

Hand weapons
 l - a +2,+2 halberd of chopping (weapon)
 t - a +1,+0 falchion of electrocution
Missiles
 j - 24 darts
 w - 3 tomahawks (quivered)
Armour
 b - a +0 leather armour (worn)
 f - a +0 helmet (worn)
Comestibles
 d - 4 bread rations
Scrolls
 a - 3 scrolls of remove curse
 e - a scroll of identify
 i - a scroll of teleportation {unknown}
 k - a scroll of fog {unknown}
 n - a scroll of blinking {unknown}
 p - a scroll of enchant weapon I {unknown}
Jewellery
 x - a cursed ring of wizardry (left hand)
Potions
 m - a potion of magic
 o - a potion of heal wounds {unknown}
 u - a potion of invisibility {unknown}
Books
 c - a book of Minor Magic

   Spells                             Type                      Level
   *Magic Dart                        Conjuration                  1
   *Blink                             Translocation                2
   *Call Imp                          Summoning                    2
   Repel Missiles                     Charms/Air                   2
   Slow                               Hexes                        2
   *Conjure Flame                     Conjuration/Fire             3
   Mephitic Cloud                     Conjuration/Poison/Air       3


   Skills:
 + Level 2.9 Dodging
 + Level 2.9 Stealth
 * Level 4.3 Spellcasting
 * Level 3.0 Conjurations
 * Level 2.5 Summonings
 * Level 2.9 Translocations


You had 4 spell levels left.
You knew the following spells:

 Your Spells              Type           Power        Failure   Level  Hunger
a - Magic Dart            Conj           ###.         1%          1    None
b - Call Imp              Summ           ###.....     2%          2    None
c - Blink                 Tloc           N/A          1%          2    None
d - Conjure Flame         Conj/Fire      ##......     7%          3    ##.....


Dungeon Overview and Level Annotations

Branches:
Dungeon (4/15)
 Temple: D:4-7

Altars:
Makhleb
The Shining One


Message History

You feel less confused.
You hear some strange, mumbled words.
The magic dart hits you!
* * * LOW HITPOINT WARNING * * *
Drink which item? (? for menu, Esc to quit)
Okay, then.
Casting: Call Imp
Confirm with . or Enter, or press ? or * to list all spells.
You blink.
Something tries to affect you, but you resist.
Found 9 gold pieces.
The magic dart hits you!
* * * LOW HITPOINT WARNING * * *
Your crimson imp hits something.
Your crimson imp blinks!
The puff of flame hits you!
* * * LOW HITPOINT WARNING * * *
The puff of flame hits you!
Your scroll labeled ETZEDDU TUAST catches fire!
You die...

..#####.............
...#####...........).
....#####.............
.....#####.............
........................
........................
.............5ยง.........
)........................
........@......5.........
.........................
........................
........................
............[...........
............[...........#
........................##
........................##
........................##


You could see a friendly crimson imp and a friendly white imp.

Vanquished Creatures
  An orc wizard (D:4)
  3 adders (D:3)
  2 gnolls (D:3)
  An orc skeleton (D:3)
  A giant mite (D:3)
  A worm (D:3)
  5 giant geckos
  7 orcs
  4 ball pythons
  7 bats
  5 giant cockroaches
  10 goblins
  7 hobgoblins
  9 jackals (D:3)
  8 kobolds
  2 quokkas
  4 giant newts
  3 rats
80 creatures vanquished.

Vanquished Creatures (collateral kills)
  A hound (D:2)
  2 orc wizards
  Terence (D:2)
  A gnoll (D:4)
  5 orcs
  A goblin (D:3)
  A kobold (D:2)
12 creatures vanquished.

Vanquished Creatures (others)
  A crimson imp (D:3)
  2 shadow imps
  2 white imps
5 creatures vanquished.

Grand Total: 97 creatures vanquished

Notes
Turn   | Place    | Note
--------------------------------------------------------------
     0 | D:1      | Konstantin, the High Elf Wizard, began the quest for the Orb.
     0 | D:1      | Reached XP level 1. HP: 11/11 MP: 5/5
   379 | D:1      | Reached XP level 2. HP: 17/17 MP: 5/7
   420 | D:1      | Learned a level 2 spell: Call Imp
   423 | D:1      | Learned a level 2 spell: Blink
   698 | D:1      | Reached skill level 1 in Summonings
   995 | D:1      | Found a glowing golden altar of the Shining One.
  1284 | D:2      | Found a burning altar of Makhleb.
  1486 | D:2      | Reached XP level 3. HP: 21/21 MP: 4/10
  1491 | D:2      | Learned a level 3 spell: Conjure Flame
  1786 | D:2      | Noticed Terence
  1819 | D:2      | Killed Terence
  2122 | D:3      | Reached XP level 4. HP: 27/27 MP: 3/13
  2675 | D:3      | Reached skill level 4 in Spellcasting
  3948 | D:3      | Reached XP level 5. HP: 11/31 MP: 11/16
  5150 | D:4      | HP: 1/31 [something/puff of flame (1)]
  5151 | D:4      | Killed from afar by an orc wizard

Action                   |  1- 3 |  4- 6 || total
-------------------------+-------+-------++-------
Melee: Whip              |     1 |       ||     1
       Falchion          |       |     2 ||     2
       Halberd           |       |     8 ||     8
Throw: Dart              |     5 |       ||     5
       Stone             |     4 |       ||     4
 Cast: Magic Dart        |    77 |   124 ||   201
       Call Imp          |     7 |    33 ||    40
       Conjure Flame     |       |     3 ||     3
       Blink             |       |     3 ||     3
  Use: Scroll            |     2 |       ||     2
 Stab: Distracted        |       |     1 ||     1
